 Dungeon Crawl Stone Soup version 0.28-b1-25-g9875b3fc8c (webtiles) character file.

Game seed: 15489086821517853030

1731 vvl the Stinger (level 8, -4/54 HPs)
             Began as a Demonspawn Venom Mage on Feb 2, 2022.
             Was an Initiate of Makhleb.
             Slain by Maggie (11 damage)
             ... on level 6 of the Dungeon.
             The game lasted 00:21:42 (8119 turns).

vvl the Stinger (Demonspawn Venom Mage)             Turns: 8119, Time: 00:21:42

Health: -4/54      AC:  4    Str:  8    XL:     8   Next: 76%
Magic:  11/14      EV: 12    Int: 18    God:    Makhleb [......]
Gold:   221        SH:  0    Dex: 15    Spells: 6/15 levels left

rFire   . . .      SeeInvis .   w - +1 hand axe (elec)
rCold   . . .      Faith    .   (no shield)
rNeg    . . .      Spirit   .   a - +0 robe
rPois   .          Reflect  .   (no helmet)
rElec   .          Harm     .   (no cloak)
rCorr   .          Rampage  .   (no gloves)
Will    .....                   (no boots)
Stlth   ++........              (no amulet)
HPRegen 0.18/turn               (no ring)
MPRegen 0.14/turn               (no ring)

@: no status effects
A: claws 1, rugged brown scales 2, demonic guardian 1
a: Renounce Religion


You were on level 6 of the Dungeon.
You worshipped Makhleb.
Makhleb was noncommittal.
You visited 2 branches of the dungeon, and saw 7 of its levels.

You collected 221 gold pieces.

Inventory:

Hand Weapons
 n - a +0 vorpal spear
 w - a +1 hand axe of electrocution (weapon)
Missiles
 A - a throwing net
Armour
 a - a +0 robe (worn)
Jewellery
 m - a ring of fire
 y - a ring of fire
Wands
 u - a wand of acid (6)
 x - a wand of iceblast (6)
 C - a wand of flame (20)
Scrolls
 c - a scroll of vulnerability {unknown}
 e - a scroll of enchant armour {unknown}
 f - 3 scrolls of immolation {unknown}
 g - 6 scrolls of identify {unknown}
 h - a scroll of holy word {unknown}
 i - a scroll of amnesia {unknown}
 k - a scroll of teleportation {unknown}
 p - a scroll of enchant weapon {unknown}
 s - a scroll of noise {unknown}
 v - a scroll of magic mapping {unknown}
 B - a scroll of silence {unknown}
Potions
 b - 2 potions of lignification {unknown}
 d - 4 potions of curing
 j - 2 potions of mutation {unknown}
 l - a potion of magic {unknown}
 o - 2 potions of attraction {unknown}
 q - 2 potions of degeneration {unknown}
 r - a potion of cancellation {unknown}
 t - a potion of resistance {unknown}
 z - a potion of flight {unknown}


   Skills:
 - Level 2.0 Dodging
 - Level 2.0 Stealth
 + Level 4.2 Spellcasting
 + Level 2.2 Conjurations
 * Level 4.9 Necromancy
 + Level 3.7 Transmutations
 + Level 2.6 Earth Magic
 + Level 6.6 Poison Magic
 + Level 5.0 Invocations


You had 6 spell levels left.
You knew the following spells:

 Your Spells              Type           Power      Damage    Failure   Level
a - Sting                 Tmut/Pois      88%        1d7       1%          1
b - Olgreb's Toxic Radia  Pois           27%        N/A       10%         4
c - Dispel Undead         Necr           21%        3d11      19%         4

Your spell library contained the following spells:

 Spells                   Type           Power      Damage    Failure   Level
 Pain                     Necr           84%        1d8       1%          1
 Sublimation of Blood     Necr           21%        N/A       3%          2
 Poisonous Vapours        Pois/Air       30%        N/A       5%          2
 Mephitic Cloud           Conj/Pois/Air  14%        N/A       13%         3
 Static Discharge         Conj/Air       7%         N/A       14%         2
 Blink                    Tloc           6%         N/A       22%         2
 Dazzling Flash           Conj/Hex       14%        N/A       28%         3
 Petrify                  Tmut/Erth      15%        N/A       36%         4
 Lesser Beckoning         Tloc           3%         N/A       41%         3
 Anguish                  Hex/Necr       6%         N/A       45%         4
 Agony                    Necr           21%        N/A       47%         5
 Excruciating Wounds      Necr           10%        N/A       47%         5
 Ice Form                 Ice/Tmut       10%        N/A       54%         4
 Leda's Liquefaction      Hex/Erth       4%         N/A       63%         4
 Sticky Flame             Conj/Fire      7%         2d3       67%         4
 Irradiate                Conj/Tmut      7%         3d15      75%         5
 Manifold Assault         Tloc           3%         N/A       99%         5
 Borgnjor's Revivificati  Necr           10%        N/A       100%        8
 Necromutation            Tmut/Necr      9%         N/A       100%        8
 Death's Door             Necr           10%        N/A       100%        9


Dungeon Overview and Level Annotations

Branches:
Dungeon (6/15)             Temple (1/1) D:5

Altars:
Ashenzari
Cheibriados
Dithmenos
Elyvilon
Fedhas
Gozag
Hepliaklqana
Kikubaaqudgha
Makhleb
Nemelex Xobeh
Okawaru
Qazlal
Ru
Sif Muna
Trog
Uskayaw
Vehumet
Wu Jian
Xom
Yredelemnul
Zin
The Shining One

Shops:
D:3 :

Annotations:
D:4 Menkaure
D:6 Maggie


Innate Abilities, Weirdness & Mutations

You have sharp fingernails.
You are mostly covered in rugged brown scales. (AC +2, +5% HP)
A weak demonic guardian rushes to your aid.


Message History

Maggie shouts!
Maggie casts a spell.
Maggie attempts to bespell you!
You are mesmerised by Maggie!
You can't see any susceptible monsters within range! (Use Z to cast anyway.)
The sting hits Maggie but does no damage.
Maggie is poisoned.
The sting hits Maggie.
Maggie partially resists.
Maggie is lightly wounded.
Maggie hits you from afar with a +1 glaive of flaming!
Maggie burns you.
The sting hits Maggie but does no damage.
Maggie looks even sicker.
Maggie is lightly wounded.
Maggie mumbles the words to a spell, but in the wrong order.
Maggie barely misses you.
The sting hits Maggie.
Maggie partially resists.
Maggie looks even sicker.
Maggie is lightly wounded.
Maggie hits you from afar with a +1 glaive of flaming!!
Maggie burns you!
* * * LOW HITPOINT WARNING * * *
Aiming: Corrosive Bolt
Press: ? - help, Shift-Dir - straight line, f/p - Maggie
Aim: Maggie, wielding a +1 glaive of flaming and wearing +0 swamp dragon scales (lightly wounded, mesmerising, very poisoned, 75% to hit)
The bolt of acid hits Maggie!
Maggie is moderately wounded.
Maggie misses you.
Aiming: Corrosive Bolt
Press: ? - help, Shift-Dir - straight line, f/p - Maggie
Aim: Maggie, wielding a +1 glaive of flaming and wearing +0 swamp dragon scales (moderately wounded, mesmerising, very poisoned, 75% to hit)
The bolt of acid hits Maggie!
The acid corrodes Maggie!
Maggie is moderately wounded.
Maggie hits you from afar with a +1 glaive of flaming!
* * * LOW HITPOINT WARNING * * *
A demonic guardian appears!
Maggie burns you.
* * * LOW HITPOINT WARNING * * *
You feel better.
You break out of your daze.
Maggie hits you from afar with a +1 glaive of flaming!
You die...

#...#.....# #.
#.#.####### #.
#.#.......# ###.
#.#..####.##......
#.#..####.########
#.#............... #
..
#.###.###.########
#...#+#.........#
.....@.@....#####
............#<#
........5...#.####
............#....###
...................#
...........#####.#.#
...........# .# #
#...#####'## .
#...#####'##### #


You could see Maggie (very poisoned, corroded, ally target) and a friendly
ufetubus (summoned).

Vanquished Creatures
  Prince Ribbit (D:6)
  Sigmund (D:2)
  An orc warrior (D:4)
  2 ice beasts
  A necrophage (D:6)
  An ogre (D:5)
  A gnoll sergeant (D:6)
  A howler monkey (D:4)
  A bullfrog zombie (D:3)
  4 hounds
  An orc priest (D:4)
  2 bullfrog skeletons (D:6)
  Jessica (D:3)
  Natasha (thrice) (D:2)
  2 iguanas
  3 orc wizards (D:4)
  A hound zombie (D:5)
  A hound skeleton (D:5)
  A howler monkey zombie (D:5)
  5 adders
  3 gnolls
  An ufetubus (D:5)
  3 dart slugs (D:3)
  14 orcs
  2 bats
  8 endoplasms
  A giant cockroach (D:2)
  11 goblins
  8 hobgoblins
  5 kobolds
  5 quokkas
  5 ball pythons
  7 frilled lizards
  2 rats
109 creatures vanquished.

Vanquished Creatures (collateral kills)
  An ogre (D:5)
  An orc priest (D:5)
  5 gnolls
  An orc (D:5)
8 creatures vanquished.

Grand Total: 117 creatures vanquished

Notes
Turn   | Place    | Note
-------+----------+-------------------------------------------
     0 | D:1      | vvl the Demonspawn Venom Mage began the quest for the Orb.
     0 | D:1      | Reached XP level 1. HP: 13/13 MP: 3/3
    64 | D:1      | Reached skill level 1 in Transmutations
   453 | D:1      | Gained mutation: A weak demonic guardian rushes to your
                  | aid. [demonic ancestry]
   453 | D:1      | Reached XP level 2. HP: 19/19 MP: 1/5
   496 | D:1      | Found a faded altar of an unknown god.
  1322 | D:2      | Gained mutation: You are partially covered in rugged brown
                  | scales. (AC +1, +3% HP) [demonic ancestry]
  1322 | D:2      | Reached XP level 3. HP: 19/24 MP: 0/6
  1436 | D:2      | Reached skill level 1 in Invocations
  1517 | D:2      | Reached skill level 1 in Necromancy
  1804 | D:2      | Noticed Sigmund
  1811 | D:2      | Killed Sigmund
  1812 | D:2      | Reached skill level 4 in Poison Magic
  1812 | D:2      | Reached XP level 4. HP: 16/30 MP: 1/8
  1812 | D:2      | Gained mutation: You have sharp fingernails. [demonic
                  | ancestry]
  1812 | D:2      | Reached XP level 5. HP: 19/36 MP: 1/9
  2148 | D:2      | Noticed Natasha
  2153 | D:2      | Killed Natasha
  2216 | D:2      | Reached XP level 6. HP: 17/42 MP: 1/10
  2499 | D:2      | Noticed Natasha
  2518 | D:2      | Killed Natasha
  2579 | D:2      | Noticed Natasha
  2584 | D:2      | Killed Natasha
  2784 | D:3      | Found Geiv's Book Emporium.
  2875 | D:3      | Noticed Jessica
  2882 | D:3      | Killed Jessica
  3653 | D:4      | Reached skill level 5 in Poison Magic
  3953 | D:4      | Noticed an orc warrior
  3984 | D:4      | Killed an orc warrior
  3985 | D:4      | Reached skill level 1 in Earth Magic
  3985 | D:4      | Gained mutation: You are mostly covered in rugged brown
                  | scales. (AC +2, +5% HP) [demonic ancestry]
  3985 | D:4      | Reached XP level 7. HP: 16/48 MP: 0/11
  4223 | D:4      | Noticed Menkaure
  4933 | D:4      | Learned a level 4 spell: Olgreb's Toxic Radiance
  4981 | D:5      | Entered Level 5 of the Dungeon
  4981 | D:5      | Found a staircase to the Ecumenical Temple.
  4994 | Temple   | Entered the Ecumenical Temple
  5601 | Temple   | Became a worshipper of Makhleb the Destroyer
  6067 | D:5      | Learned a level 4 spell: Dispel Undead
  6303 | D:5      | Reached skill level 1 in Conjurations
  6303 | D:5      | Reached XP level 8. HP: 16/54 MP: 10/13
  6557 | D:5      | Reached skill level 6 in Poison Magic
  6745 | D:5      | Found a hide-covered altar of Uskayaw.
  6745 | D:5      | Noticed a +0 falchion
  6745 | D:5      | Noticed a +0 dagger
  6747 | D:5      | Noticed a +0 falchion
  6747 | D:5      | Noticed a +0 short sword
  6748 | D:5      | Noticed a +0 spear
  6749 | D:5      | Noticed a +0 short sword
  6750 | D:5      | Noticed a +0 spear
  6750 | D:5      | Noticed a +0 dagger
  7112 | D:6      | Noticed Prince Ribbit
  7134 | D:6      | Killed Prince Ribbit
  7777 | D:6      | Got the Volume of Curses and Snow
  7794 | D:6      | Reached skill level 5 in Invocations
  8109 | D:6      | Noticed Maggie
  8118 | D:6      | HP: 2/54 [Maggie (14)]
  8119 | D:6      | Slain by Maggie

Illustrated notes

Levels and vault maps discovered:
D:1:      sevenhm_arrival_forest_fort_small_4, layout_rooms,
          shapermc_ecumenical_altar_gd, minmay_octomino_e4
D:2:      layout_loops_cross, uniq_sigmund, uniq_natasha
D:3:      layout_basic, serial_shops, shop_statue,
          chequers_serial_rivers_small_3, uniq_jessica
D:4:      layout_loops_corners, uniq_menkaure
D:5:      layout_loops_ring, nicolae_uskayaw_en_pointe,
          minmay_temple_entry_proselytizer
D:6:      layout_basic, uniq_maggie, uniq_prince_ribbit1
Temple:   mainiacjoe_temple_circle_huts

Skill      XL: |  1  2  3  4  5  6  7  8 |
---------------+-------------------------+-----
Transmutations | 1 2 3 |  3.7
Stealth        | 2 |  2.0
Dodging        | 2 |  2.0
Invocations    | 2 3 4 5 |  5.0
Necromancy     | 2 3 4 |  4.9
Poison Magic   | 4 5 6 |  6.6
Spellcasting   | 3 4 |  4.2
Earth Magic    | 1 2 |  2.6
Conjurations   | 1 2 |  2.2

Action                   |  1- 3 |  4- 6 |  7- 9 || total
-------------------------+-------+-------+-------++-------
Melee: Hand axe          |    23 |       |    56 ||    79
       Unarmed           |     8 |       |       ||     8
       Short sword       |    13 |     5 |       ||    18
       Spear             |       |    27 |    65 ||    92
 Cast: Sting             |    57 |    95 |   121 ||   273
Evoke: Wand              |       |       |     4 ||     4
  Use: Potion            |       |       |     3 ||     3
 Stab: Sleeping          |     1 |       |       ||     1
Armor: Robe              |    16 |     9 |    45 ||    70
Dodge: Dodged            |    36 |    35 |   102 ||   173
